General information
- name: BNet
- type: Ladder team game (AT/RT)
- host: Battle.net
- saver: Gobiner
map: Cherryville
- players: 8
- length: 86:45
- speed: Fast
- version: 1.23 W3XP
- replay type: Public
» download(809 KB)
Players
team 1 (loser)
McFlurry. (
purple | 99 APM | 7770 actions | 78:38)
6 Blademaster
2 Wind Walk
3 Critical Strike
1 Bladestorm
4 Shadow Hunter
2 Hex
2 Healing Wave
1 Keeper of the Grove
1 Force of Nature
1 Lich
1 Death and Decay
» actions
| Assign group hotkey | 83 | |
| Basic commands | 14 | |
| Build / train | 128 | |
| ESC pressed | 11 | |
| Enter build submenu | 81 | |
| Enter hero's abilities submenu | 12 | |
| Give item / drop item | 1 | |
| Remove unit from queue | 1 | |
| Right click | 3379 | |
| Select / deselect | 985 | |
| Select group hotkey | 2619 | |
| Use ability | 456 | |
7770 total
» units
| Peon | 35 | |
| Grunt | 4 | |
| Troll Batrider | 50 | |
| Kodo Beast | 3 | |
92 total
» upgrades
| Liquid Fire | 1 | |
| Reinforced Defenses | 1 | |
| Armor | 3 | |
| War Drums Damage Increase | 1 | |
6 total
» buildings
| Altar of Storms | 1 | |
| Orc Burrow | 9 | |
| Barracks | 1 | |
| Voodoo Lounge | 2 | |
| War Mill | 1 | |
| Stronghold | 1 | |
| Watch Tower | 49 | |
| Beastiary | 3 | |
| Fortress | 1 | |
| Great Hall | 7 | |
75 total
» build order
00:07 Altar of Storms
00:14 Orc Burrow
00:37 Barracks
01:41 Orc Burrow
01:51 Voodoo Lounge
02:29 War Mill
04:22 Stronghold
04:41 Voodoo Lounge
05:17 Watch Tower
05:20 Watch Tower
05:23 Orc Burrow
06:45 Beastiary
06:58 Watch Tower
07:25 Beastiary
07:36 Orc Burrow
10:44 Fortress
12:22 Watch Tower
12:58 Orc Burrow
13:29 Watch Tower
14:03 Watch Tower
14:41 Great Hall
15:54 Watch Tower
16:27 Orc Burrow
16:32 Watch Tower
18:15 Watch Tower
18:16 Watch Tower
19:20 Great Hall
19:26 Watch Tower
20:39 Great Hall
20:57 Watch Tower
20:59 Watch Tower
21:01 Watch Tower
21:02 Watch Tower
21:03 Watch Tower
21:05 Watch Tower
21:07 Watch Tower
23:00 Watch Tower
23:14 Great Hall
23:17 Watch Tower
23:23 Watch Tower
23:34 Great Hall
24:09 Watch Tower
24:42 Watch Tower
24:44 Watch Tower
24:54 Orc Burrow
26:28 Great Hall
26:31 Watch Tower
26:34 Watch Tower
26:36 Watch Tower
26:39 Watch Tower
27:37 Watch Tower
28:07 Watch Tower
33:41 Watch Tower
33:44 Watch Tower
34:07 Watch Tower
34:59 Watch Tower
35:12 Watch Tower
35:15 Watch Tower
35:36 Watch Tower
35:37 Watch Tower
35:38 Watch Tower
35:39 Watch Tower
35:42 Watch Tower
35:42 Watch Tower
35:54 Watch Tower
36:18 Watch Tower
36:34 Watch Tower
36:50 Watch Tower
37:18 Watch Tower
54:03 Beastiary
56:32 Watch Tower
56:34 Watch Tower
57:54 Orc Burrow
57:55 Orc Burrow
64:23 Great Hall
» items
| Healing Salve | 4 | |
| Lesser Clarity Potion | 5 | |
| Orb of Lightning | 1 | |
| Circlet of Nobility | 1 | |
| Tiny Great Hall | 2 | |
13 total
StayFrosty (
red | 60 APM | 4720 actions | 78:54)
6 Tauren Chieftain
3 Shockwave
2 Endurance Aura
1 Reincarnation
» actions
| Assign group hotkey | 34 | |
| Basic commands | 215 | |
| Build / train | 71 | |
| Enter build submenu | 20 | |
| Enter hero's abilities submenu | 7 | |
| Give item / drop item | 1 | |
| Right click | 1965 | |
| Select / deselect | 852 | |
| Select group hotkey | 1314 | |
| Use ability | 241 | |
4720 total
» units
| Peon | 7 | |
| Grunt | 5 | |
| Troll Witch Doctor | 7 | |
| Tauren | 3 | |
| Troll Batrider | 8 | |
30 total
» upgrades
| Witch Doctor Training | 2 | |
| Pulverize | 1 | |
| Armor | 2 | |
| Melee Weapons | 1 | |
| Ranged Weapons | 1 | |
| Liquid Fire | 1 | |
8 total
» buildings
| Altar of Storms | 1 | |
| Orc Burrow | 7 | |
| Barracks | 1 | |
| Voodoo Lounge | 1 | |
| Stronghold | 3 | |
| War Mill | 1 | |
| Spirit Lodge | 1 | |
| Fortress | 1 | |
| Tauren Totem | 1 | |
| Beastiary | 2 | |
| Watch Tower | 8 | |
27 total
» build order
00:03 Altar of Storms
00:16 Orc Burrow
00:40 Barracks
01:35 Orc Burrow
01:57 Voodoo Lounge
03:06 Stronghold
03:06 Stronghold
04:14 Orc Burrow
04:16 War Mill
05:45 Spirit Lodge
05:46 Fortress
08:13 Tauren Totem
09:39 Orc Burrow
11:08 Orc Burrow
14:05 Orc Burrow
15:04 Beastiary
15:07 Beastiary
15:44 Orc Burrow
19:28 Watch Tower
19:29 Watch Tower
19:33 Watch Tower
19:34 Watch Tower
19:34 Watch Tower
19:35 Watch Tower
22:46 Watch Tower
22:47 Watch Tower
» items
| Healing Salve | 6 | |
| Lesser Clarity Potion | 8 | |
| Scroll of Speed | 3 | |
| Dust of Appearance | 1 | |
| Scroll of Town Portal | 1 | |
| Orb of Lightning | 1 | |
20 total
Vanilla-Coke (
green | 104 APM | 8149 actions | 78:36)
9 Keeper of the Grove
3 Entangling Roots
3 Thorns Aura
1 Tranquility
2 Force of Nature
» actions
| Assign group hotkey | 97 | |
| Basic commands | 117 | |
| Build / train | 171 | |
| ESC pressed | 10 | |
| Enter build submenu | 65 | |
| Enter hero's abilities submenu | 11 | |
| Give item / drop item | 3 | |
| Right click | 5263 | |
| Select / deselect | 1401 | |
| Select group hotkey | 637 | |
| Use ability | 374 | |
8149 total
» units
| Wisp | 77 | |
| Huntress | 2 | |
| Glaive Thrower | 7 | |
| Goblin Shredder | 2 | |
| Chimaera | 27 | |
115 total
» upgrades
| Strength of the Moon | 3 | |
| Moon Armor | 4 | |
| Strength of the Wild | 3 | |
| Ultravision | 1 | |
| Well Spring | 1 | |
| Reinforced Hides | 3 | |
| Corrosive Breath | 1 | |
16 total
» buildings
| Altar of Elders | 2 | |
| Moon Well | 9 | |
| Hunter's Hall | 4 | |
| Ancient of War | 2 | |
| Ancient Protector | 31 | |
| Tree of Life | 6 | |
| Tree of Ages | 3 | |
| Tree of Eternity | 2 | |
| Ancient of Wind | 1 | |
| Chimaera Roost | 4 | |
64 total
» build order
00:02 Altar of Elders
00:05 Altar of Elders
00:18 Moon Well
01:48 Hunter's Hall
01:53 Ancient of War
02:21 Ancient of War
02:37 Moon Well
03:44 Ancient Protector
03:45 Ancient Protector
05:06 Moon Well
07:21 Tree of Life
11:15 Tree of Ages
14:09 Tree of Life
14:16 Moon Well
14:22 Moon Well
14:33 Moon Well
15:15 Moon Well
15:45 Tree of Ages
15:45 Tree of Ages
15:49 Hunter's Hall
16:56 Ancient Protector
16:57 Ancient Protector
16:57 Ancient Protector
17:16 Ancient Protector
17:16 Ancient Protector
17:21 Ancient Protector
17:42 Ancient Protector
17:43 Ancient Protector
17:45 Ancient Protector
20:19 Tree of Eternity
20:28 Hunter's Hall
20:30 Hunter's Hall
20:57 Tree of Life
20:58 Ancient Protector
20:58 Ancient Protector
20:59 Ancient Protector
21:00 Ancient Protector
21:01 Tree of Life
21:36 Ancient Protector
22:14 Ancient Protector
22:15 Ancient Protector
22:16 Ancient Protector
22:16 Ancient Protector
22:16 Ancient Protector
22:23 Ancient Protector
22:46 Ancient of Wind
25:11 Chimaera Roost
25:11 Chimaera Roost
25:12 Chimaera Roost
25:14 Chimaera Roost
31:26 Tree of Life
31:27 Ancient Protector
31:27 Ancient Protector
31:28 Ancient Protector
31:28 Ancient Protector
31:28 Ancient Protector
31:29 Ancient Protector
31:30 Tree of Life
32:11 Ancient Protector
32:11 Ancient Protector
32:13 Ancient Protector
43:36 Moon Well
43:36 Moon Well
» items
| Lesser Clarity Potion | 1 | |
| Healing Salve | 1 | |
| Potion of Lesser Invulnerability | 3 | |
| Scroll of Town Portal | 3 | |
| Potion of Invisibility | 1 | |
| Staff of Teleportation | 1 | |
| Boots of Speed | 1 | |
| Scroll of Protection | 2 | |
| Scroll of Healing | 1 | |
14 total
xboxps2ps3wii (
yellow | 98 APM | 8483 actions | 86:44)
6 Death Knight
3 Death Coil
3 Unholy Aura
5 Lich
3 Frost Nova
2 Dark Ritual
» actions
| Assign group hotkey | 108 | |
| Basic commands | 330 | |
| Build / train | 88 | |
| ESC pressed | 2 | |
| Enter build submenu | 19 | |
| Enter hero's abilities submenu | 11 | |
| Give item / drop item | 7 | |
| Right click | 4024 | |
| Select / deselect | 871 | |
| Select group hotkey | 2761 | |
| Use ability | 261 | |
8483 total
» units
| Acolyte | 13 | |
| Ghoul | 2 | |
| Crypt Fiend | 20 | |
| Frost Wyrm | 9 | |
44 total
» upgrades
| Creature Attack | 2 | |
| Freezing Breath | 1 | |
| Web | 1 | |
| Creature Carapace | 3 | |
7 total
» buildings
| Crypt | 1 | |
| Graveyard | 1 | |
| Ziggurat | 10 | |
| Altar of Darkness | 1 | |
| Tomb of Relics | 1 | |
| Halls of the Dead | 2 | |
| Black Citadel | 1 | |
| Sacrificial Pit | 1 | |
| Boneyard | 2 | |
| Spirit Tower | 5 | |
| Nerubian Tower | 1 | |
26 total
» build order
00:08 Crypt
00:14 Graveyard
00:36 Ziggurat
00:52 Altar of Darkness
01:20 Ziggurat
01:36 Tomb of Relics
02:32 Ziggurat
04:16 Halls of the Dead
04:16 Halls of the Dead
05:19 Ziggurat
06:45 Black Citadel
06:47 Sacrificial Pit
08:12 Ziggurat
09:20 Boneyard
09:21 Boneyard
11:51 Ziggurat
11:56 Ziggurat
13:53 Ziggurat
13:57 Spirit Tower
14:20 Spirit Tower
14:22 Spirit Tower
16:22 Ziggurat
16:24 Ziggurat
16:28 Spirit Tower
17:46 Nerubian Tower
17:48 Spirit Tower
» items
| Rod of Necromancy | 2 | |
| Lesser Clarity Potion | 3 | |
| Healing Salve | 2 | |
| Orb of Corruption | 1 | |
| Dust of Appearance | 1 | |
| Scroll of Protection | 1 | |
| Scroll of Town Portal | 2 | |
12 total
team 2 (winner)
Gobiner (
orange | 50 APM | 4356 actions | 86:45)
7 Blademaster
3 Wind Walk
3 Critical Strike
1 Bladestorm
6 Shadow Hunter
3 Hex
3 Healing Wave
» actions
| Assign group hotkey | 36 | |
| Basic commands | 102 | |
| Build / train | 123 | |
| ESC pressed | 2 | |
| Enter build submenu | 71 | |
| Enter hero's abilities submenu | 14 | |
| Give item / drop item | 14 | |
| Right click | 1819 | |
| Select / deselect | 849 | |
| Select group hotkey | 742 | |
| Use ability | 584 | |
4356 total
» units
» upgrades
| Ranged Weapons | 3 | |
| Liquid Fire | 1 | |
| Armor | 3 | |
| Reinforced Defenses | 1 | |
| Spiked Barricades | 1 | |
| Troll Regeneration | 1 | |
| Burning Oil | 1 | |
| Envenomed Spears | 1 | |
| War Drums Damage Increase | 1 | |
| Ensnare | 1 | |
14 total
» buildings
| Altar of Storms | 3 | |
| Orc Burrow | 12 | |
| War Mill | 2 | |
| Watch Tower | 44 | |
| Voodoo Lounge | 2 | |
| Stronghold | 1 | |
| Fortress | 1 | |
| Beastiary | 4 | |
| Great Hall | 1 | |
| Barracks | 1 | |
71 total
» build order
00:08 Altar of Storms
00:17 Orc Burrow
00:31 War Mill
01:42 Watch Tower
01:55 Orc Burrow
02:16 Watch Tower
02:40 Watch Tower
02:53 Voodoo Lounge
03:21 Watch Tower
03:47 Watch Tower
04:17 Watch Tower
04:47 Watch Tower
04:59 Stronghold
05:13 Watch Tower
05:45 Watch Tower
05:47 Watch Tower
05:53 Orc Burrow
05:53 Orc Burrow
07:00 Watch Tower
07:02 Watch Tower
07:22 Fortress
07:26 Beastiary
07:31 Beastiary
08:39 Watch Tower
08:40 Watch Tower
16:07 Watch Tower
16:15 Watch Tower
16:16 Watch Tower
17:19 Voodoo Lounge
17:39 Watch Tower
17:41 Watch Tower
17:44 Watch Tower
18:42 Watch Tower
18:50 Watch Tower
18:59 Great Hall
19:04 Watch Tower
19:50 Watch Tower
19:52 Watch Tower
20:31 Watch Tower
20:59 Watch Tower
21:02 Watch Tower
21:04 Watch Tower
22:33 Watch Tower
22:36 Watch Tower
22:38 Watch Tower
23:29 Watch Tower
23:34 Watch Tower
23:36 Watch Tower
23:40 Watch Tower
23:45 Watch Tower
24:20 Watch Tower
24:23 Watch Tower
24:27 Watch Tower
25:02 Watch Tower
25:06 Watch Tower
25:12 Watch Tower
25:48 Watch Tower
28:41 Barracks
47:40 Beastiary
47:43 Beastiary
47:53 War Mill
47:56 Orc Burrow
47:57 Orc Burrow
48:02 Orc Burrow
48:04 Orc Burrow
48:07 Orc Burrow
48:19 Orc Burrow
48:20 Orc Burrow
48:21 Orc Burrow
58:34 Altar of Storms
58:54 Altar of Storms
» items
| Lesser Clarity Potion | 8 | |
| Healing Salve | 5 | |
| Orb of Lightning | 2 | |
| Boots of Speed | 2 | |
| Staff of Teleportation | 2 | |
| Circlet of Nobility | 3 | |
| Staff of Sanctuary | 2 | |
24 total
kunt.roII (
blue | 134 APM | 11654 actions | 86:43)
7 Archmage
3 Blizzard
3 Brilliance Aura
1 Mass Teleport
7 Blood Mage
3 Flame Strike
2 Banish
1 Siphon Mana
1 Summon Phoenix
7 Mountain King
3 Storm Bolt
3 Bash
1 Avatar
» actions
| Assign group hotkey | 59 | |
| Basic commands | 217 | |
| Build / train | 196 | |
| ESC pressed | 11 | |
| Enter build submenu | 114 | |
| Enter hero's abilities submenu | 22 | |
| Give item / drop item | 14 | |
| Right click | 4962 | |
| Select / deselect | 555 | |
| Select group hotkey | 4670 | |
| Use ability | 834 | |
11654 total
» units
| Peasant | 26 | |
| Priest | 3 | |
| Sorceress | 2 | |
31 total
» upgrades
| Masonry | 3 | |
| Lumber Harvesting | 2 | |
| Sorceress Training | 5 | |
| Magic Sentry | 1 | |
| Priest Training | 3 | |
14 total
» buildings
| Altar of Kings | 2 | |
| Farm | 9 | |
| Scout Tower | 174 | |
| Lumber Mill | 1 | |
| Arcane Tower | 6 | |
| Guard Tower | 89 | |
| Keep | 3 | |
| Castle | 3 | |
| Arcane Sanctum | 1 | |
| Arcane Vault | 4 | |
| Town Hall | 1 | |
293 total
» build order
00:11 Altar of Kings
00:21 Farm
00:49 Scout Tower
00:52 Lumber Mill
01:15 Farm
01:23 Scout Tower
01:30 Arcane Tower
01:35 Scout Tower
01:49 Scout Tower
02:05 Arcane Tower
02:07 Scout Tower
02:18 Guard Tower
02:21 Guard Tower
02:37 Scout Tower
02:50 Scout Tower
02:50 Scout Tower
02:55 Guard Tower
03:33 Guard Tower
03:33 Guard Tower
03:38 Farm
03:53 Guard Tower
03:53 Guard Tower
03:56 Scout Tower
04:17 Keep
04:17 Keep
04:39 Scout Tower
04:43 Guard Tower
04:44 Guard Tower
04:48 Scout Tower
04:49 Scout Tower
05:00 Scout Tower
05:01 Scout Tower
05:01 Scout Tower
05:04 Scout Tower
05:05 Scout Tower
05:07 Scout Tower
05:08 Scout Tower
05:09 Scout Tower
05:21 Scout Tower
05:22 Scout Tower
05:23 Guard Tower
05:26 Scout Tower
05:26 Scout Tower
05:26 Scout Tower
05:54 Guard Tower
05:56 Scout Tower
05:57 Scout Tower
06:00 Scout Tower
06:00 Scout Tower
06:19 Guard Tower
06:20 Guard Tower
06:39 Castle
06:40 Castle
06:46 Guard Tower
06:47 Scout Tower
06:47 Scout Tower
06:47 Scout Tower
06:53 Guard Tower
06:54 Guard Tower
06:56 Scout Tower
06:56 Scout Tower
07:54 Farm
07:54 Farm
07:56 Arcane Sanctum
08:21 Farm
08:23 Farm
09:03 Guard Tower
09:12 Scout Tower
09:12 Scout Tower
10:04 Guard Tower
10:05 Scout Tower
10:05 Scout Tower
10:21 Guard Tower
10:21 Scout Tower
10:22 Scout Tower
10:22 Scout Tower
10:22 Scout Tower
10:23 Scout Tower
10:23 Scout Tower
11:10 Scout Tower
11:10 Scout Tower
11:11 Guard Tower
11:35 Arcane Vault
11:38 Guard Tower
11:39 Scout Tower
11:40 Scout Tower
11:40 Scout Tower
11:43 Scout Tower
11:43 Scout Tower
11:44 Scout Tower
11:45 Guard Tower
11:45 Guard Tower
12:30 Guard Tower
12:30 Guard Tower
12:45 Guard Tower
12:47 Scout Tower
12:47 Scout Tower
13:17 Guard Tower
13:59 Farm
14:03 Scout Tower
14:05 Scout Tower
14:06 Scout Tower
14:08 Guard Tower
14:09 Guard Tower
14:52 Farm
15:37 Scout Tower
15:37 Scout Tower
15:38 Scout Tower
15:39 Scout Tower
15:39 Scout Tower
15:39 Scout Tower
15:58 Guard Tower
16:58 Scout Tower
16:58 Scout Tower
16:59 Scout Tower
17:01 Guard Tower
17:01 Guard Tower
17:02 Scout Tower
17:03 Scout Tower
17:03 Scout Tower
17:32 Guard Tower
17:34 Scout Tower
17:35 Scout Tower
17:35 Scout Tower
17:36 Scout Tower
17:36 Scout Tower
17:38 Scout Tower
17:39 Scout Tower
17:39 Scout Tower
17:40 Scout Tower
17:40 Scout Tower
17:48 Scout Tower
17:49 Guard Tower
18:02 Arcane Vault
18:05 Arcane Vault
18:10 Arcane Vault
18:12 Scout Tower
18:13 Scout Tower
18:13 Scout Tower
18:15 Scout Tower
18:15 Scout Tower
18:17 Guard Tower
18:17 Guard Tower
18:26 Guard Tower
18:58 Arcane Tower
19:00 Scout Tower
19:01 Scout Tower
19:01 Scout Tower
19:02 Scout Tower
19:04 Scout Tower
19:05 Scout Tower
19:05 Scout Tower
19:05 Scout Tower
19:09 Scout Tower
19:43 Guard Tower
20:45 Scout Tower
20:45 Scout Tower
20:46 Scout Tower
20:51 Guard Tower
20:51 Guard Tower
20:58 Scout Tower
20:59 Scout Tower
21:02 Arcane Tower
21:12 Guard Tower
21:13 Guard Tower
21:52 Guard Tower
21:56 Scout Tower
22:07 Scout Tower
22:07 Scout Tower
22:08 Scout Tower
22:08 Scout Tower
22:39 Town Hall
22:42 Scout Tower
22:42 Scout Tower
22:42 Scout Tower
22:43 Scout Tower
22:43 Scout Tower
22:44 Scout Tower
22:45 Guard Tower
22:45 Guard Tower
23:37 Guard Tower
23:39 Scout Tower
23:39 Scout Tower
23:40 Scout Tower
23:41 Scout Tower
24:00 Scout Tower
24:01 Scout Tower
24:01 Scout Tower
24:02 Scout Tower
24:14 Guard Tower
24:17 Scout Tower
24:18 Scout Tower
24:19 Scout Tower
24:20 Scout Tower
24:20 Scout Tower
24:33 Guard Tower
24:42 Guard Tower
24:49 Scout Tower
24:50 Scout Tower
24:50 Scout Tower
24:50 Scout Tower
24:51 Scout Tower
24:51 Scout Tower
24:54 Guard Tower
25:19 Guard Tower
25:27 Guard Tower
25:27 Guard Tower
25:42 Scout Tower
25:42 Scout Tower
25:43 Scout Tower
25:44 Scout Tower
25:44 Scout Tower
25:45 Scout Tower
25:46 Scout Tower
25:46 Scout Tower
25:48 Scout Tower
25:49 Scout Tower
25:50 Scout Tower
25:52 Scout Tower
25:52 Scout Tower
25:53 Scout Tower
25:54 Scout Tower
25:54 Scout Tower
25:55 Scout Tower
25:56 Scout Tower
26:27 Guard Tower
27:09 Guard Tower
27:09 Guard Tower
27:16 Guard Tower
27:17 Guard Tower
27:19 Guard Tower
27:19 Guard Tower
46:43 Guard Tower
46:43 Guard Tower
46:52 Scout Tower
46:53 Scout Tower
46:54 Scout Tower
46:54 Scout Tower
46:55 Scout Tower
46:55 Scout Tower
48:32 Guard Tower
48:35 Scout Tower
48:36 Scout Tower
48:36 Scout Tower
48:54 Scout Tower
48:55 Scout Tower
48:55 Scout Tower
48:56 Scout Tower
48:58 Scout Tower
55:06 Guard Tower
55:06 Guard Tower
55:41 Scout Tower
55:42 Scout Tower
55:42 Scout Tower
55:42 Scout Tower
55:43 Scout Tower
55:44 Scout Tower
57:37 Guard Tower
57:38 Scout Tower
57:39 Scout Tower
57:39 Scout Tower
57:40 Scout Tower
57:40 Scout Tower
57:41 Scout Tower
58:32 Guard Tower
58:32 Guard Tower
61:00 Guard Tower
61:01 Guard Tower
74:52 Altar of Kings
» items
| Boots of Speed | 3 | |
| Circlet of Nobility | 3 | |
| Staff of Teleportation | 3 | |
| Healing Salve | 2 | |
| Potion of Healing | 1 | |
| Scroll of Town Portal | 3 | |
| Staff of Sanctuary | 3 | |
| Orb of Lightning | 2 | |
| Orb of Venom | 1 | |
21 total
SPOOON (
teal | 92 APM | 6361 actions | 69:30)
5 Blademaster
3 Wind Walk
2 Critical Strike
2 Shadow Hunter
1 Hex
1 Healing Wave
» actions
| Assign group hotkey | 24 | |
| Basic commands | 17 | |
| Build / train | 75 | |
| ESC pressed | 19 | |
| Enter build submenu | 96 | |
| Enter hero's abilities submenu | 7 | |
| Give item / drop item | 1 | |
| Right click | 3864 | |
| Select / deselect | 892 | |
| Select group hotkey | 1089 | |
| Use ability | 277 | |
6361 total
» units
| Peon | 15 | |
| Demolisher | 2 | |
| Troll Batrider | 13 | |
30 total
» upgrades
| Ranged Weapons | 3 | |
| Troll Regeneration | 1 | |
| Reinforced Defenses | 1 | |
| Liquid Fire | 1 | |
| Armor | 2 | |
| Burning Oil | 1 | |
9 total
» buildings
| Altar of Storms | 2 | |
| Orc Burrow | 7 | |
| War Mill | 1 | |
| Voodoo Lounge | 2 | |
| Watch Tower | 78 | |
| Stronghold | 1 | |
| Barracks | 1 | |
| Fortress | 1 | |
| Beastiary | 3 | |
96 total
» build order
00:04 Altar of Storms
00:18 Orc Burrow
00:22 War Mill
01:20 Voodoo Lounge
01:37 Watch Tower
02:10 Watch Tower
02:27 Watch Tower
02:36 Orc Burrow
03:01 Watch Tower
03:31 Watch Tower
03:37 Watch Tower
03:54 Watch Tower
03:56 Watch Tower
03:58 Watch Tower
04:30 Watch Tower
04:46 Watch Tower
05:00 Watch Tower
05:03 Watch Tower
05:06 Watch Tower
05:53 Stronghold
05:57 Watch Tower
06:06 Watch Tower
06:43 Watch Tower
06:57 Orc Burrow
07:04 Watch Tower
07:46 Watch Tower
07:54 Watch Tower
07:57 Barracks
08:58 Watch Tower
09:03 Watch Tower
10:16 Watch Tower
10:23 Watch Tower
10:41 Fortress
11:07 Orc Burrow
11:23 Watch Tower
12:24 Beastiary
12:27 Beastiary
12:40 Watch Tower
12:42 Watch Tower
13:29 Beastiary
13:38 Watch Tower
13:54 Watch Tower
13:56 Watch Tower
15:00 Watch Tower
15:03 Watch Tower
16:19 Voodoo Lounge
16:26 Watch Tower
16:32 Watch Tower
18:09 Watch Tower
18:11 Watch Tower
18:14 Watch Tower
18:26 Orc Burrow
18:29 Watch Tower
18:54 Watch Tower
18:57 Watch Tower
19:53 Watch Tower
19:55 Watch Tower
19:59 Watch Tower
21:18 Watch Tower
21:20 Watch Tower
21:23 Watch Tower
21:24 Watch Tower
22:43 Watch Tower
23:33 Watch Tower
23:35 Watch Tower
23:48 Watch Tower
23:50 Watch Tower
24:33 Watch Tower
24:36 Watch Tower
24:48 Watch Tower
24:50 Watch Tower
25:28 Watch Tower
26:06 Watch Tower
26:10 Watch Tower
26:18 Watch Tower
26:30 Watch Tower
26:33 Watch Tower
26:39 Watch Tower
27:35 Watch Tower
27:54 Watch Tower
28:10 Watch Tower
28:26 Watch Tower
28:36 Watch Tower
28:39 Watch Tower
28:56 Watch Tower
28:59 Watch Tower
29:04 Watch Tower
32:08 Watch Tower
32:10 Watch Tower
32:12 Watch Tower
32:25 Watch Tower
35:17 Watch Tower
35:20 Watch Tower
45:55 Altar of Storms
46:43 Orc Burrow
47:33 Orc Burrow
» items
| Healing Salve | 5 | |
| Lesser Clarity Potion | 9 | |
| Scroll of Speed | 1 | |
| Potion of Mana | 1 | |
| Potion of Healing | 2 | |
| Orb of Lightning | 2 | |
| Staff of Teleportation | 2 | |
| Boots of Speed | 1 | |
| Potion of Lesser Invulnerability | 1 | |
24 total
Victory_Songs (
pink | 102 APM | 8810 actions | 86:44)
7 Keeper of the Grove
3 Entangling Roots
3 Thorns Aura
1 Tranquility
6 Priestess of the Moon
3 Scout
2 Trueshot Aura
1 Starfall
6 Naga Sea Witch
3 Frost Arrows
2 Mana Shield
1 Tornado
» actions
| Assign group hotkey | 9 | |
| Basic commands | 655 | |
| Build / train | 86 | |
| ESC pressed | 2 | |
| Enter build submenu | 16 | |
| Enter hero's abilities submenu | 19 | |
| Give item / drop item | 8 | |
| Right click | 4633 | |
| Select / deselect | 1361 | |
| Select group hotkey | 1744 | |
| Use ability | 277 | |
8810 total
» units
» upgrades
| Ultravision | 1 | |
| Strength of the Wild | 3 | |
| Reinforced Hides | 3 | |
| Nature's Blessing | 1 | |
| Corrosive Breath | 1 | |
| Well Spring | 1 | |
10 total
» buildings
| Altar of Elders | 1 | |
| Moon Well | 6 | |
| Tree of Life | 2 | |
| Tree of Ages | 1 | |
| Tree of Eternity | 1 | |
| Ancient of Wind | 1 | |
| Hunter's Hall | 1 | |
| Chimaera Roost | 2 | |
| Ancient of Wonders | 1 | |
16 total
» build order
00:04 Altar of Elders
00:19 Moon Well
00:47 Moon Well
04:47 Tree of Life
06:16 Moon Well
08:35 Tree of Life
08:50 Tree of Ages
11:40 Tree of Eternity
11:45 Ancient of Wind
11:47 Hunter's Hall
11:57 Moon Well
13:55 Moon Well
14:06 Chimaera Roost
14:19 Chimaera Roost
16:22 Moon Well
19:28 Ancient of Wonders
» items
| Boots of Speed | 3 | |
| Periapt of Vitality | 3 | |
| Staff of Teleportation | 3 | |
| Staff of Sanctuary | 1 | |
| Orb of Venom | 1 | |
| Scroll of Town Portal | 1 | |
12 total
Chat log
(00:06 / Allies) kunt.roII: tower bases
(00:15 / Allies) kunt.roII: ugh
(00:26 / Allies) kunt.roII: berg is by me
(00:36 / Allies) kunt.roII: adn 2 nobos on bot
(01:07 / All) kunt.roII: GL n HF
(01:11 / All) xboxps2ps3wii: Same
(01:12 / All) Victory_Songs: ~*~Fight With Honor And Have Excellent Manner~*~
(01:13 / All) McFlurry.: Gg
(04:34 / Allies) kunt.roII: take it berg
(04:46 / Allies) kunt.roII: welp
(04:53 / Allies) kunt.roII: ill staff down in a sec
(04:54 / Allies) kunt.roII: buying it
(06:03 / Allies) kunt.roII: wood
(07:46 / Allies) kunt.roII: more tower sppon
(07:48 / Allies) kunt.roII: below these ones
(08:32 / Allies) kunt.roII: wards
(09:54 / Allies) kunt.roII: ok get chim now berb
(11:24 / Allies) kunt.roII: they moving
(11:25 / Allies) kunt.roII: their seige
(12:25 / Allies) kunt.roII: creep it with me sppopon
(13:34 / Allies) kunt.roII: rofl
(14:41 / Allies) kunt.roII: kk
(15:17 / Allies) kunt.roII: welp
(15:23 / All) Victory_Songs: this is bad manner
(15:29 / All) kunt.roII: stay on ur side plz
(15:55 / Allies) kunt.roII: orc shop on top plz
(16:01 / Allies) kunt.roII: orcs take ur bot expo
(16:02 / Allies) kunt.roII: tower it
(18:45 / All) kunt.roII: nice hacks
(20:48 / Allies) kunt.roII: this game
(20:48 / Allies) kunt.roII: 2ez
(21:05 / Allies) kunt.roII: lumb
(21:05 / Allies) kunt.roII: tia
(21:07 / Allies) kunt.roII: yeah
(21:09 / Allies) kunt.roII: need lumb n shit
(21:34 / All) StayFrosty: LOL
(21:36 / All) StayFrosty: HACK
(21:42 / All) kunt.roII: nice hack
(22:00 / Allies) kunt.roII: u tak it berb?
(22:01 / Allies) kunt.roII: or me
(22:04 / Allies) kunt.roII: i got 9 food still. .. . .
(22:34 / Allies) kunt.roII: gold tia
(23:43 / All) kunt.roII: U noobs LOose
(23:54 / All) Vanilla-Coke: manners
(23:58 / All) Victory_Songs: ~*~Fight With Honor And Have Excellent Manner~*~
(23:59 / All) Victory_Songs: oh
(24:01 / All) Victory_Songs: MANNER
(24:11 / All) kunt.roII: manner would be u quittng
(24:19 / All) Vanilla-Coke: we will
(24:22 / All) Vanilla-Coke: after we've won
(24:25 / All) kunt.roII: Heh
(24:26 / All) Vanilla-Coke: need win first
(25:13 / Allies) kunt.roII: shades?
(25:14 / Allies) kunt.roII: or wards
(25:25 / Allies) kunt.roII: i fear an attempt on my expo
(25:32 / Allies) kunt.roII: feed spooon
(25:34 / Allies) kunt.roII: for his expo
(26:22 / All) kunt.roII: u guys got a plan to win
(26:28 / All) Vanilla-Coke: yes
(26:34 / All) Victory_Songs: will it work?
(26:34 / All) kunt.roII: let me guess
(26:36 / All) Victory_Songs: (no)
(26:48 / All) kunt.roII: lose half gold to upkeep, attack mvoe ont owers, rage at each other in team chat, quit
(26:53 / All) kunt.roII: sound about right? ? ?
(26:57 / All) Vanilla-Coke: none of us have punched upkeep
(27:00 / All) Vanilla-Coke: all of us have expos
(27:00 / All) McFlurry.: dont be silly
(27:01 / All) Victory_Songs: its like a truth serum
(27:03 / All) McFlurry.: im under 50
(27:04 / All) kunt.roII: ^^
(27:26 / All) Vanilla-Coke: nice hacks
(28:10 / Allies) kunt.roII: anyone want a tp
(28:11 / Allies) kunt.roII: i dont want it
(28:29 / All) kunt.roII: how can u all have expos
(28:33 / All) kunt.roII: if purple didnt even have 2
(28:39 / All) kunt.roII: and theres only 4 on map!
(28:45 / All) kunt.roII: (but he was trying for 2)
(28:55 / All) McFlurry.: i do have to
(28:56 / All) McFlurry.: 2
(29:11 / Allies) kunt.roII: owl scout is pro
(29:14 / All) Victory_Songs: you have 12-0 but you jtsu lost
(29:23 / All) Victory_Songs: tell me what that feels like im doing a study in noobology
(29:27 / All) McFlurry.: you play without fog of war
(29:31 / All) McFlurry.: but still cant win 1v1
(29:31 / All) kunt.roII: LOL
(29:42 / All) Victory_Songs: lmao
(29:43 / All) Victory_Songs: west goons
(29:47 / All) Victory_Songs: lose
(29:49 / All) Victory_Songs: er
(29:52 / All) Victory_Songs: west nubs
(31:29 / Allies) kunt.roII: not really sure
(31:30 / Allies) kunt.roII: how that went
(31:32 / Allies) kunt.roII: lagging alot
(31:51 / All) Victory_Songs: so
(31:58 / Allies) kunt.roII: ps lvl 1 sh is not going to help in front of towers at this point
(32:00 / All) Victory_Songs: ragequit now or later, like that eponymous candy?
(32:16 / All) McFlurry.: =]
(33:48 / All) McFlurry.: out
(33:56 / All) kunt.roII: Out
(34:20 / All) kunt.roII: c u
(35:50 / Allies) SPOOON: need gold
(44:45 / Allies) kunt.roII: u really need to get
(44:48 / Allies) kunt.roII: invuln pots
(44:52 / Allies) kunt.roII: and dont even revive ur sh spoon
(45:41 / All) kunt.roII: is that what u call 50 food green
(45:44 / All) Vanilla-Coke: yes
(45:48 / All) kunt.roII: nice
(45:48 / All) Vanilla-Coke: manners
(46:02 / Allies) kunt.roII: ded
(46:59 / Allies) kunt.roII: making massive towers in middle expos
(47:04 / Allies) kunt.roII: close to fountian so
(47:06 / Allies) kunt.roII: WHY NOT
(47:17 / All) Vanilla-Coke: probably shouldnt have shittalked
(47:19 / All) Vanilla-Coke: i was just going to leave
(47:20 / All) kunt.roII: ?
(47:22 / All) Gobiner: why?
(47:27 / All) Gobiner: we win just the same
(47:28 / All) kunt.roII: wait u think u won LOL
(47:30 / All) Gobiner: this way is more fun
(47:31 / Allies) Gobiner: :)
(47:34 / All) Gobiner: :)
(47:46 / All) McFlurry.: lljk suxxx
(47:51 / All) kunt.roII: hahaha
(48:28 / Allies) kunt.roII: tranq
(48:29 / Allies) kunt.roII: tt
(49:00 / All) kunt.roII: whats lljk
(49:07 / All) McFlurry.: dunno
(49:24 / Allies) kunt.roII: haha
(50:49 / Allies) kunt.roII: so close to 6 am
(50:53 / Allies) kunt.roII: fight
(51:54 / All) kunt.roII: keep working @ it green
(51:56 / All) kunt.roII: u got that expo
(52:20 / Allies) kunt.roII: haha
(52:21 / Allies) kunt.roII: alot of shit there'
(53:45 / All) kunt.roII: damn,,,,. .
(54:06 / Allies) kunt.roII: 5 mk rite there
(54:36 / Allies) SPOOON: ded tree
(54:45 / Allies) SPOOON: tc
(54:59 / Allies) kunt.roII: heh
(55:13 / Allies) kunt.roII: bat it imo
(55:16 / All) McFlurry.: cool
(55:59 / Allies) kunt.roII: u want itn
(57:01 / Allies) kunt.roII: omg lol
(57:22 / All) kunt.roII: send ur bats
(57:48 / All) kunt.roII: im glad trash talk made u stay
(57:51 / All) kunt.roII: it was been fun owning u
(58:40 / Allies) kunt.roII: lol
(59:31 / All) kunt.roII: sorry
(59:34 / All) Victory_Songs: WOW
(59:37 / All) kunt.roII: mk doesnt die to noob
(59:40 / All) Victory_Songs: this is how you got your first loss
(59:42 / All) Victory_Songs: remember this day
(59:58 / All) kunt.roII: Nice ult
(60:08 / All) Victory_Songs: check your micro at the door please
(60:21 / All) McFlurry.: if you wanna criticise my micro
(60:25 / All) McFlurry.: we could play 1v1
(60:33 / All) Victory_Songs: we could lmao
(60:33 / All) McFlurry.: but im fairly sure
(60:33 / All) kunt.roII: why bother
(60:34 / All) McFlurry.: youll dodge
(60:36 / All) kunt.roII: i can arleady see that it sucks
(61:50 / All) Victory_Songs: ~*~Fight With Honor And Have Excellent Manner~*~
(62:45 / All) Victory_Songs: so much easier to play with no fog of war you know what im sayin?
(62:55 / All) McFlurry.: i get ya
(65:33 / Allies) kunt.roII: lolll
(65:39 / Allies) kunt.roII: i cant beleive i pulled that off whiel laggin]
(66:00 / All) Victory_Songs: welp gg
(68:25 / All) kunt.roII: bat it
(68:33 / All) kunt.roII: lolol
(68:39 / Allies) kunt.roII: hahahaha
(69:30 / All) kunt.roII: D
(70:04 / All) kunt.roII: Heh
(70:38 / All) McFlurry.: lol
(70:40 / All) kunt.roII: HEh
(71:00 / All) StayFrosty: the award for most ownage in the game goes to him :D
(73:03 / Allies) kunt.roII: t
(73:18 / Allies) kunt.roII: thyis lag is annoying
(73:23 / Allies) kunt.roII: coulda saved both those heroes
(74:11 / Allies) kunt.roII: lool..
(74:24 / Allies) kunt.roII: u need that exp
(74:42 / Allies) kunt.roII: my altar guh
(76:00 / Allies) kunt.roII: omw\
(76:52 / Allies) kunt.roII: that kotg has no nothing
(76:58 / Allies) kunt.roII: we could snipe him if he gets away from chim at all
(77:11 / Allies) kunt.roII: lol
(77:16 / All) kunt.roII: d
(77:40 / Allies) kunt.roII: get kotg
(78:19 / All) kunt.roII: pp
(78:38 / All) kunt.roII: pp
(78:39 / All) kunt.roII: pp
(78:39 / All) kunt.roII: pp
(78:40 / All) kunt.roII: pp
(78:41 / All) kunt.roII: pp
(78:41 / All) kunt.roII: Pp
(78:43 / All) Victory_Songs: enjoy the loss
(78:44 / All) Victory_Songs: your first
(79:01 / All) Victory_Songs: hope you learned something
(82:38 / Allies) kunt.roII: haha
(82:43 / Allies) kunt.roII: i was seriously lolling
(82:50 / Allies) kunt.roII: when i dispel then invins my bm to save him @ 1 hp
(82:54 / Allies) kunt.roII: and i lagged bad there
(82:55 / Allies) kunt.roII: even for me
(83:14 / All) Victory_Songs: keep in mind we did this with -1 player
(83:32 / All) Victory_Songs: thats a testament to our skill or your lack thereof
(83:34 / All) Victory_Songs: the choice is yours
(83:50 / All) Victory_Songs: yiou guys need to go back to your net cafe in gaya, niger
(84:28 / Allies) kunt.roII: ult the last base